 Dungeon Crawl Stone Soup version 0.21-a0-221-gfe971b9 (webtiles) character file.

855 tidbits the Fighter (level 7, -2/68 HPs)
             Began as a Black Draconian Wanderer on Aug 27, 2017.
             Was a Follower of Wu Jian.
             Shot with an arrow by a centaur (4 damage)
             ... on level 6 of the Dungeon.
             The game lasted 00:20:59 (2171 turns).

tidbits the Fighter (Black Draconian Wanderer)      Turns: 2171, Time: 00:20:59

Health: -2/68      AC:  7    Str: 13      XL:     7   Next: 70%
Magic:  9/9        EV: 12    Int: 16      God:    Wu Jian [*.....]
Gold:   386        SH:  4    Dex: 13 (15) Spells: 6/9 levels left

rFire    + . .     SeeInvis .   a - +5 hand axe (elec)
rCold    + . .     Gourm    .   D - +0 buckler
rNeg     . . .     Faith    .   (armour unavailable)
rPois    .         Spirit   .   (helmet restricted)
rElec    +         Reflect  .   (no cloak)
rCorr    .         Harm     .   (no gloves)
MR       .....                  F - +0 pair of boots
Stlth    ++........             (no amulet)
HPRegen  0.21/turn              j - ring of protection from fire
MPRegen  0.11/turn              v - ring of protection from cold

@: brilliant
A: breathe lightning, unfitting armour, electricity resistance, cold-blooded, AC
+6
a: Breathe Lightning, Renounce Religion


You were on level 6 of the Dungeon.
You worshipped Wu Jian.
Wu Jian was aware of your devotion.
You were not hungry.

You visited 1 branch of the dungeon, and saw 7 of its levels.

You collected 386 gold pieces.

Inventory:

Hand Weapons
 a - a +5 hand axe of electrocution (weapon)
   (You found it on level 1 of the Dungeon)
 d - a +0 dagger
 g - a +0 mace
 A - a +0 dagger of holy wrath
   (You took it off a goblin on level 2 of the Dungeon)
Missiles
 h - 17 stones (quivered)
 i - 76 bolts
 o - 23 arrows
 x - 2 needles of paralysis
Armour
 D - a +0 buckler (worn)
 F - a +0 pair of boots (worn)
Jewellery
 j - a ring of protection from fire (left hand)
   (You took it off a kobold on level 1 of the Dungeon)
 v - a ring of protection from cold (right hand)
   (You found it on level 2 of the Dungeon)
Wands
 y - a wand of flame (11/48)
Scrolls
 c - a scroll of teleportation
 e - a scroll of fog {unknown}
 p - a scroll of fear {unknown}
 r - 4 scrolls of remove curse
 s - a scroll of noise {unknown}
 t - a scroll of amnesia
 u - a scroll of enchant armour {unknown}
 B - a scroll of identify {unknown}
Potions
 k - a potion of lignification {unknown}
 m - a potion of brilliance
 n - a potion of ambrosia {unknown}
 q - a potion of curing
 w - a potion of degeneration {unknown}
 C - a potion of agility {unknown}
 E - a potion of resistance {unknown}
Books
 b - Koutt's Compendium of Ice

   Spells                             Type                      Level
   a - Throw Frost                    Conjuration/Ice              2
   b - Ensorcelled Hibernation        Hexes/Ice                    2
 l - a book of Air

   Spells                             Type                      Level
   a - Shock                          Conjuration/Air              1
   b - Swiftness                      Charms/Air                   2
   c - Static Discharge               Conjuration/Air              3
   d - Airstrike                      Air                          4
   e - Lightning Bolt                 Conjuration/Air              5
Comestibles
 f - 8 bread rations


   Skills:
 - Level 8.0 Fighting
 - Level 2.2 Dodging
 - Level 1.7 Stealth
 + Level 2.4 Shields
 - Level 1.5 Spellcasting
 - Level 4.2 Air Magic
   Level 3.2 Earth Magic


You had 6 spell levels left.
You knew the following spells:

 Your Spells              Type           Power        Failure   Level  Hunger
z - Shock                 Conj/Air       ###.         1%          1    ##.....
W - Swiftness             Chrm/Air       ###.....     1%          2    ###....


Dungeon Overview and Level Annotations

Branches:
Dungeon (7/15)             Temple (0/1) D:6

Altars:
Ashenzari
Gozag
Nemelex Xobeh
Okawaru
Uskayaw
Wu Jian
Xom

Annotations:
D:5 Sigmund


Innate Abilities, Weirdness & Mutations

You can breathe wild blasts of lightning.
Your glossy black scales are hard. (AC +6)
You cannot fit into any form of body armour.
You are resistant to electric shocks. (rElec)
You are cold-blooded and may be slowed by cold attacks.


Message History

The bullfrog closely misses you.
You spin and attack the bullfrog.
You hit the bullfrog.
Your tail-slap misses the bullfrog.
The bullfrog is moderately wounded.
The bullfrog misses you.
You spin to attack the bullfrog, but your attack speed is too slow for a blow to land.
The bullfrog hits you.
The bullfrog hits you but does no damage.
You spin and attack the bullfrog.
You slash the bullfrog! Lightning courses through the bullfrog!
You kill the bullfrog!
The Council accepts your kill.
Your Shields skill increases to level 1!
You see here a bullfrog corpse.
You butcher the bullfrog corpse.
z - a chunk of flesh You see here a bullfrog skeleton.
Eat a chunk of flesh? (ye/n/q)
You eat the chunk of flesh.
This raw flesh tastes terrible.
There is a shattered altar of Ashenzari here.
Found 11 gold pieces.
You now have 367 gold pieces (gained 11).
A water moccasin skeleton comes into view.
Found a bread ration.
The helpless water moccasin skeleton fails to defend itself.
You hit the water moccasin skeleton.
Lightning courses through the water moccasin skeleton!
You tail-slap the water moccasin skeleton.
The water moccasin skeleton is severely damaged.
The water moccasin skeleton bites you.
You block the water moccasin skeleton's attack.
You spin and attack the water moccasin skeleton.
You hit the water moccasin skeleton.
The water moccasin skeleton is severely damaged.
The water moccasin skeleton bites you.
You spin and attack the water moccasin skeleton.
You hit the water moccasin skeleton.
Lightning courses through the water moccasin skeleton!
You destroy the water moccasin skeleton!
The Council accepts your kill.
You feel your dexterity returning.
Your Shields skill increases to level 2!
f - 8 bread rations (gained 1)
Found a staircase to the Ecumenical Temple.
Found a stone staircase leading down.
There is a stone staircase leading down here.
There is a stone staircase leading down here.
You climb downwards.
A centaur and an ogre come into view.
There is a stone staircase leading up here.
The centaur wields a runed shortbow.
It bursts into flame!
The centaur shoots an arrow.
The arrow hits you!
You climb upwards.
There is a stone staircase leading down here.
Found a stone staircase leading down.
A hound zombie comes into view.
Found 19 gold pieces.
You spin to attack the hound zombie, but your attack speed is too slow for a blow to land.
You block the hound zombie's attack.
You spin and attack the hound zombie.
You hit the hound zombie.
The hound zombie is lightly damaged.
The hound zombie barely misses you.
You spin and attack the hound zombie.
You barely miss the hound zombie.
The hound zombie is lightly damaged.
The hound zombie misses you.
You spin and attack the hound zombie.
You barely miss the hound zombie. You tail-slap the hound zombie.
The hound zombie is moderately damaged.
The hound zombie bites you but does no damage.
You block the hound zombie's attack.
You spin and attack the hound zombie.
You slash the hound zombie!
The hound zombie is severely damaged.
The hound zombie bites you but does no damage.
You hit the hound zombie.
The hound zombie is almost destroyed.
The hound zombie barely misses you.
The hound zombie bites you but does no damage.
You hit the hound zombie.
You destroy the hound zombie!
The Council accepts your kill.
You now have 386 gold pieces (gained 19).
A centaur comes into view.
The centaur wields a shortbow.
The centaur shoots an arrow.
The arrow hits you!
You see here an arrow.
The centaur shoots an arrow.
The arrow hits you!
* * * LOW HITPOINT WARNING * * *
The centaur shoots an arrow.
The arrow hits you!
* * * LOW HITPOINT WARNING * * *
You see here 2 arrows.
The centaur shoots an arrow.
The arrow hits you!
* * * LOW HITPOINT WARNING * * *
Found a scroll labeled ELIF PAGIMOS.
You see here an arrow.
You feel better.
The centaur shoots an arrow.
You block the arrow.
It was a potion of brilliance.
You feel clever all of a sudden.
The centaur shoots an arrow.
The arrow hits you!
* * * LOW HITPOINT WARNING * * *
The centaur shoots an arrow.
The arrow hits you.
You die...

#..##.......>....
# #............##
#............#
##.........##.#
#.........## #.#
###........## .#
........(.##
..#....(..#
#######..@.#
#......#
?............
#.....####c...
##..### #... ....
.## #####


You could see a centaur.

Vanquished Creatures
  Menkaure (D:5)
  An ice beast (D:5)
  An ogre (D:4)
  A bullfrog (D:6)
  A scorpion (D:4)
  A water moccasin skeleton (D:6)
  A howler monkey (D:4)
  A jelly (D:5)
  2 hounds
  A centaur skeleton (D:4)
  An orc wizard (D:4)
  A hound zombie (D:6)
  Robin (D:2)
  5 gnolls (D:5)
  6 adders
  A shadow imp (D:6)
  An ooze (D:1)
  2 worms
  2 leopard geckos
  7 orcs
  6 bats
  2 giant cockroaches
  10 goblins
  11 hobgoblins
  3 jackals (D:2)
  A ball python (D:2)
  2 frilled lizards
  5 kobolds
  7 rats
85 creatures vanquished.

Notes
Turn   | Place    | Note
-------+----------+-------------------------------------------
     0 | D:1      | tidbits the Draconian Wanderer began the quest for the Orb.
     0 | D:1      | tidbits set off with: a book of Air, Koutt's Compendium of Ice, a scroll of teleportation, a +0 dagger, a bread ration
     0 | D:1      | Reached XP level 1. HP: 14/14 MP: 2/2
     0 | D:1      | Identified Koutt's Compendium of Ice
     2 | D:1      | Learned a level 1 spell: Shock
   178 | D:1      | Reached XP level 2. HP: 18/20 MP: 0/4
   309 | D:1      | Reached skill level 1 in Fighting
   553 | D:2      | Reached XP level 3. HP: 22/29 MP: 5/5
   588 | D:2      | Found an opulent altar of Gozag.
   589 | D:2      | Found a hide-covered altar of Uskayaw.
   590 | D:2      | Found a sparkling altar of Nemelex Xobeh.
   599 | D:2      | Reached skill level 2 in Fighting
   755 | D:4      | Reached skill level 3 in Fighting
   755 | D:4      | Reached XP level 4. HP: 26/38 MP: 2/6
   774 | D:4      | Reached skill level 4 in Fighting
   940 | D:4      | Reached XP level 5. HP: 29/47 MP: 7/7
   942 | D:4      | Found an iron altar of Okawaru.
   978 | D:5      | Entered Level 5 of the Dungeon
   998 | D:5      | Reached skill level 5 in Fighting
  1038 | D:5      | Noticed an ice beast
  1056 | D:5      | Killed an ice beast
  1056 | D:5      | Reached skill level 6 in Fighting
  1056 | D:5      | Reached XP level 6. HP: 49/57 MP: 3/8
  1142 | D:6      | Found an ornate altar of the Wu Jian Council.
  1149 | D:6      | Became a worshipper of the Wu Jian Council
  1170 | D:5      | Noticed Menkaure
  1179 | D:5      | Killed Menkaure
  1179 | D:5      | Reached skill level 7 in Fighting
  1444 | D:3      | Found a shimmering altar of Xom.
  1580 | D:2      | Noticed Robin
  1591 | D:2      | Killed Robin
  1591 | D:2      | Your scales start taking on a glossy black colour.
  1591 | D:2      | Reached skill level 4 in Air Magic
  1591 | D:2      | Reduced skill Earth Magic to level 3
  1591 | D:2      | Reached XP level 7. HP: 41/66 MP: 9/9
  1591 | D:2      | Gained mutation: You are resistant to electric shocks. (rElec) [Black Draconian growth]
  1592 | D:2      | Reached * piety under Wu Jian
  1671 | D:2      | Reached skill level 1 in Dodging
  1838 | D:4      | Reached skill level 2 in Dodging
  1915 | D:4      | Reached skill level 8 in Fighting
  1920 | D:4      | Learned a level 2 spell: Swiftness
  1932 | D:5      | Noticed Sigmund
  2061 | D:6      | Found a shattered altar of Ashenzari.
  2067 | D:6      | Reached skill level 1 in Shields
  2100 | D:6      | Reached skill level 2 in Shields
  2124 | D:6      | Found a staircase to the Ecumenical Temple.
  2169 | D:6      | HP: 6/68 [centaur/arrow (8)]
  2171 | D:6      | HP: 2/68 [centaur/arrow (11)]
  2171 | D:6      | Shot with an arrow by a centaur

Vault maps used:
D:1:      minmay_arrival_stair_chambers, minmay_pentomino_o4
D:2:      grunt_temple_overflow_open, uniq_robin
D:3:      lemuel_round_altar, nicolae_tso_carved_into_rock, minivault_25,
          minmay_surrounded
D:4:      kennysheep_goblin_castle, okawaru_trees_1, hangedman_decor_lopped
D:5:      first_bread, uniq_grinder, uniq_menkaure, uniq_sigmund
D:6:      cheibrodos_ashenzari_chains, overflow_temple_1_default,
          minmay_temple_entry_large_hall, hangedman_abyss_or_decor_stabs
D:7:      elyvilon_altar_1, trog_eyes_of_draining, serial_shops, shop

Skill      XL: |  1  2  3  4  5  6  7 |
---------------+----------------------+-----
Fighting       | 1 3 4 6 7 8 |  8.0
Air Magic      | 4 |  4.2
Earth Magic    | 3 |  3.2
Dodging        | 2 |  2.2
Shields        | 2 |  2.4
Stealth        | |  1.7
Spellcasting   | |  1.5

Action                   |  1- 3 |  4- 6 |  7- 9 || total
-------------------------+-------+-------+-------++-------
Melee: Dagger            |    16 |       |       ||    16
       Hand axe          |    38 |    58 |    47 ||   143
       Tailslap          |     2 |     9 |     9 ||    20
 Cast: Shock             |    26 |    32 |    16 ||    74
 Abil: Breathe Lightning |       |       |     3 ||     3
  Use: Scroll            |     2 |     2 |     2 ||     6
       Potion            |       |     2 |     3 ||     5
 Stab: Sleeping          |     2 |       |     1 ||     3
  Eat: Chunk             |     1 |     4 |     3 ||     8
Armor: Skin              |    18 |    16 |    23 ||    57
Dodge: Dodged            |    44 |    31 |    34 ||   109
Block: Buckler           |       |       |     4 ||     4

Table legend:
 A = Spawn XP
 B = Non-spawn XP
 C = Spawn XP percentage of total XP
 D = Spawn monster count
 E = Non-spawn monster count
 F = Spawn count percentage of total count
 G = Total turns spent on level
                    A         B        C        D         E        F      G
               +---------+---------+-------+---------+---------+-------+---------
         Total |       6 |    1216 |   0.5 |       3 |      82 |   3.5 |  2171
               +---------+---------+-------+---------+---------+-------+---------
           D:1 |       4 |      34 |  10.5 |       2 |      19 |   9.5 |   513
           D:2 |       2 |      79 |   2.5 |       1 |      24 |   4.0 |   378
           D:3 |       0 |      52 |   0.0 |       0 |      10 |   0.0 |   377
           D:4 |       0 |     400 |   0.0 |       0 |      15 |   0.0 |   396
           D:5 |       0 |     464 |   0.0 |       0 |      10 |   0.0 |   345
           D:6 |       0 |     187 |   0.0 |       0 |       4 |   0.0 |   160
               +---------+---------+-------+---------+---------+-------+---------

Table legend:
 A = Turns spent in this place as a percentage of turns spent in the entire game.
 B = Non-inter-level travel turns spent in this place as a percentage of non-inter-level travel turns spent in the entire game.
 C = Inter-level travel turns spent in this place as a percentage of turns spent in this place.
 D = Turns resting spent in this place as a percentage of non-inter-level travel turns spent in this place.
 E = Turns spent auto-exploring this place as a percentage of non-inter-level travel turns spent in this place.
 F = Non-inter-level travel turns spent in this place divided by the number of levels of this place that you've seen.
                   A       B       C       D       E      F
               +-------+-------+-------+-------+-------+----------------------
         Total | 100.0 | 100.0 |   2.1 |   0.2 |   0.0 | 303.7
       Dungeon | 100.0 | 100.0 |   2.1 |   0.2 |   0.0 | 303.7
               +-------+-------+-------+-------+-------+----------------------

Table legend:
 A = Kills in this place as a percentage of kills in entire the game.
 B = Kills by you in this place as a percentage of kills by you in the entire game.
 C = Kills by friends in this place as a percentage of kills by friends in the entire game.
 D = Other kills in this place as a percentage of other kills in the entire game.
 E = Experience gained in this place as a percentage of experience gained in the entire game.
 F = Experience gained in this place divided by the number of levels of this place that you have seen.
                   A       B       C       D       E      F
               +-------+-------+-------+-------+-------+----------------------
         Total | 100.0 | 100.0 |   N/A |   N/A | 100.0 | 174.6
       Dungeon | 100.0 | 100.0 |   N/A |   N/A | 100.0 | 174.6
               +-------+-------+-------+-------+-------+----------------------

Vault maps used:
D:1:      minmay_arrival_stair_chambers, minmay_pentomino_o4
D:2:      grunt_temple_overflow_open, uniq_robin
D:3:      lemuel_round_altar, nicolae_tso_carved_into_rock, minivault_25,
          minmay_surrounded
D:4:      kennysheep_goblin_castle, okawaru_trees_1, hangedman_decor_lopped
D:5:      first_bread, uniq_grinder, uniq_menkaure, uniq_sigmund
D:6:      cheibrodos_ashenzari_chains, overflow_temple_1_default,
          minmay_temple_entry_large_hall, hangedman_abyss_or_decor_stabs
D:7:      elyvilon_altar_1, trog_eyes_of_draining, serial_shops, shop
